 Dungeon Crawl Stone Soup version 0.28-a0-657-g71136c5590 (webtiles) character file.

Game seed: 12052822335645260483

76108 Zenkrye the Warrior (level 15, -46/170 HPs)
             Began as an Ogre Transmuter on Oct 13, 2021.
             Was a High Priest of Okawaru.
             Killed from afar by Jorgrun (59 damage)
             ... with an iron shot
             ... on level 14 of the Dungeon.
             The game lasted 01:22:17 (27482 turns).

Zenkrye the Warrior (Ogre Transmuter)              Turns: 27482, Time: 01:22:18

Health: -46/170    AC:  2    Str: 18    XL:     15   Next: 52%
Magic:  23/23      EV: 31    Int: 31    God:    Okawaru [*****.]
Gold:   2425       SH:  0    Dex: 14    Spells: 4/20 levels left

rFire   . . .      SeeInvis .     - Unarmed
rCold   . . .      Faith    .   (shield currently unavailable)
rNeg    . . .      Spirit   .   (armour currently unavailable)
rPois   x          Reflect  .   (helmet currently unavailable)
rElec   .          Harm     .   (cloak currently unavailable)
rCorr   .          Rampage  .   (gloves unavailable)
Will    +....                   (boots unavailable)
Stlth   +++.......              h - amulet of Riqu {RegenMP Int+6}
HPRegen 0.38/turn               t - +6 ring of intelligence
MPRegen 0.43/turn               v - +4 ring of evasion

@: spider-form, heroic, grasped by roots, constricted
A: venomous fangs, tiny, unfitting armour, (tough skin 1)
a: End Transformation, Renounce Religion, Heroism, Finesse, Duel


You were on level 14 of the Dungeon.
You worshipped Okawaru.
Okawaru was extremely pleased with you.
You were a venomous arachnid creature.
You visited 3 branches of the dungeon, and saw 21 of its levels.
You also visited: Gauntlet and Ice Cave.

You collected 2521 gold pieces.
You spent 96 gold pieces at shops.

Inventory:

Hand Weapons
 G - the +4 quick blade "Bulezuw" (melded) {chaos, Int+5 Dex+2}
   (You acquired it on level 2 of the Lair of Beasts)

   Each time it hits an enemy it has a different, random effect.
   Int:       It affects your intelligence (+5).
   Dex:       It affects your dexterity (+2).
Missiles
 m - 59 poisoned darts (quivered)
 n - 7 atropa-tipped darts
 I - 2 boomerangs of dispersal
Armour
 g - +0 fire dragon scales
 j - a +2 robe of the Archmagi (melded)
 E - the +2 robe "Xiaxkep" {Int+3 Slay+3}
   (You bought it in a shop on level 8 of the Dungeon)

   Int:       It affects your intelligence (+3).
   Slay:      It affects your accuracy & damage with ranged weapons and melee
   (+3).
 F - a +2 hat (melded)
 L - the +2 kite shield of Ahilav {Str+6}
   (Okawaru gifted it to you in an ice cave)

   Str:       It affects your strength (+6).
 M - a +2 cloak of cold resistance (melded)
 P - a +4 tower shield of cold resistance
Magical Staves
 B - a staff of cold
Jewellery
 c - a ring of protection from cold
 h - the amulet of Riqu (around neck) {RegenMP Int+6}
   (You acquired it on level 3 of the Dungeon)

   [amulet of magic regeneration]

   It increases your rate of magic regeneration.
   Int:       It affects your intelligence (+6).
 o - a +6 ring of dexterity
 t - a +6 ring of intelligence (left front leg)
 v - a +4 ring of evasion (right front leg)
 x - a ring of magical power
 C - an amulet of the acrobat
 T - a +6 ring of intelligence
Wands
 b - a wand of flame (125)
 p - a wand of acid (17) {@v2}
 r - a wand of polymorph (5)
 u - a wand of iceblast (23) {@v4}
 J - a wand of paralysis (11)
Scrolls
 d - a scroll of fear
 i - 6 scrolls of identify {@r1}
 k - 2 scrolls of fog
 l - 5 scrolls of teleportation {@r3}
 w - a scroll of holy word
 z - a scroll of blinking {@r4}
 A - a scroll of amnesia
 K - 3 scrolls of immolation
 Q - a scroll of silence
Potions
 a - a potion of resistance {@q6}
 e - 2 potions of cancellation
 f - 11 potions of curing {@q1}
 q - a potion of might {@q4}
 s - 5 potions of haste {@q3}
 y - 2 potions of flight
 H - 3 potions of brilliance
Miscellaneous
 N - a phial of floods
 O - a lightning rod (3/4)


   Skills:
 + Level 16.1(21.1) Fighting
 + Level 11.5(16.5) Dodging
 + Level 13.7(18.7) Unarmed Combat
 - Level 3.0 Spellcasting
 + Level 8.6 Transmutations
 - Level 4.0 Ice Magic
 + Level 3.0 Earth Magic
 - Level 2.0 Poison Magic
 - Level 11.0 Invocations
 - Level 3.0 Evocations


You had 4 spell levels left.
You knew the following spells:

 Your Spells              Type           Power      Damage    Failure   Level
a - Ice Form              Ice/Tmut       43%        N/A       14%         4
b - Spider Form           Tmut/Pois      18%        N/A       9%          3
c - Wereblood             Tmut           55%        N/A       2%          2
d - Statue Form           Tmut/Erth      26%        N/A       85%         6
p - Apportation           Tloc           8%         N/A       19%         1

Your spell library contained the following spells:

 Spells                   Type           Power      Damage    Failure   Level
 Beastly Appendage        Tmut           100%       N/A       2%          1
 Passwall                 Tmut/Erth      33%        N/A       4%          2
 Blink                    Tloc           N/A        N/A       24%         2
 Static Discharge         Conj/Air       4%         N/A       24%         2
 Swiftness                Air            4%         N/A       41%         3
 Leda's Liquefaction      Hex/Erth       6%         N/A       56%         4
 Lee's Rapid Deconstruct  Erth           11%        3d9*      69%         5
 Freezing Cloud           Conj/Ice/Air   6%         6-21      88%         5
 Lightning Bolt           Conj/Air       2%         1d13      96%         5
 Manifold Assault         Tloc           4%         N/A       96%         5
 Invisibility             Hex            2%         N/A       100%        6
 Storm Form               Tmut/Air       15%        N/A       100%        7
 Maxwell's Capacitive Co  Air            2%         ∞         100%        8
 Polar Vortex             Ice            14%        N/A       100%        9
 Animate Skeleton         Necr           Unusable   N/A       N/A         1
 Summon Small Mammal      Summ           Unusable   N/A       N/A         1
 Simulacrum               Ice/Necr       Unusable   N/A       N/A         6

Dungeon Overview and Level Annotations

Branches:
Dungeon (14/15)            Temple (0/1) D:5            Lair (5/6) D:8
 Shoals (0/4) Lair:4       Spider (0/4) Lair:2        Slime (0/5) Lair:5
    Orc (2/2) D:9             Elf (0/3) Orc:2         IceCv (visited)
Gauntlet (visited)
 Vaults: D:13-14

Altars:
Ashenzari
Makhleb
Okawaru
Qazlal
Uskayaw
Vehumet
Xom
Beogh

Shops:
D:8 *   Orc:2 :(!?

Annotations:
D:14 2 transporters, Jorgrun; Neaprir's ghost, journeyman MiBe


Innate Abilities, Weirdness & Mutations

You are a venomous arachnid creature.
You have poisonous fangs.
You are tiny and dextrous.
Your spellcasting is less reliable in this form.
Your armour is entirely melded.
You are incapable of wielding weapons or throwing items.
You are too large for most types of armour.
((You have tough skin. (AC +1)))


Message History

Jorgrun hits you with a staff of earth!!
Jorgrun shatters you.
You hit Jorgrun but do no damage.
Jorgrun is moderately wounded.
You barely miss Jorgrun.
Jorgrun is moderately wounded.
Jorgrun casts a spell at you.
Roots burst forth from the earth!
The grasping roots grab you! The grasping roots constrict you.
You closely miss Jorgrun.
Jorgrun is moderately wounded.
Jorgrun hits you with a staff of earth! Jorgrun shatters you.
The grasping roots constrict you!
You maul Jorgrun!!
Jorgrun looks as sick as possible!
Jorgrun is heavily wounded.
Jorgrun hits you with a staff of earth! Jorgrun shatters you.
The grasping roots constrict you!
* * * LOW HITPOINT WARNING * * *
You gain the combat prowess of a mighty hero.
Jorgrun casts a spell at you. You resist with some effort.
The grasping roots constrict you!
* * * LOW HITPOINT WARNING * * *
You fail to use your ability.
Jorgrun hits you with a staff of earth!
* * * LOW HITPOINT WARNING * * *
Jorgrun shatters you.
* * * LOW HITPOINT WARNING * * *
The grasping roots constrict you!
* * * LOW HITPOINT WARNING * * *
You feel much better.
Jorgrun mutters some incantations to himself.
Jorgrun completely misses you. The grasping roots constrict you!
* * * LOW HITPOINT WARNING * * *
You barely miss Jorgrun.
Jorgrun is heavily wounded.
You hit Jorgrun.
Jorgrun looks as sick as possible!
Jorgrun is heavily wounded.
Jorgrun points at you and mumbles some strange words.
The iron shot hits you!!!
You die...

########## ##########
.........# #<.....(.#
.........#####.......>#
.........'...'..sg....#
.........#####........#
.........# #........#
###'###### #.+#######
#.# #.. #.# #.. #.##
#..# . #..# #..# . ##.#


You could see Jorgrun (extremely poisoned).

Vanquished Creatures
  Gastronok (D:9)
  A frost giant (IceCv)
  Snorg (D:11)
  Harold (D:7)
  Fannar (D:11)
  8 hydras
  4 ogre magi (Orc:2)
  13 two-headed ogres
  A catoblepas (Lair:3)
  6 centaur warriors
  5 death yaks (IceCv)
  An orc high priest (D:9)
  Nergalle (Lair:4)
  3 skeletal warriors
  A lindwurm (Lair:4)
  2 orc knights (Orc:1)
  Pikel (D:9)
  A deep elf pyromancer (D:12)
  An ugly thing (D:13)
  2 manticores
  5 orc sorcerers
  A cyclops (D:12)
  10 elephants
  An ice statue (IceCv)
  2 black mambas
  Joseph (D:8)
  2 gargoyles (D:11)
  Maggie (D:6)
  12 cane toads
  3 rime drakes
  2 unseen horrors
  An efreet (D:13)
  4 komodo dragons
  6 trolls
  12 polar bears
  Prince Ribbit (D:9)
  16 blink frogs
  Sigmund (D:3)
  51 yaks
  3 wyverns
  A wraith (D:14)
  4 steam dragons
  Grum (D:8)
  A tarantella (shapeshifter) (D:13)
  2 basilisks
  3 vampire mosquitoes (D:12)
  Menkaure (D:7)
  2 wargs
  3 acid dragons
  14 water moccasins
  21 orc warriors
  An ice beast (D:6)
  2 black bears
  A sky beast (D:6)
  33 ogres
  20 wolves
  The ghost of willcat the Sneak, an amateur HuDe of Okawaru (D:7)
  16 centaurs
  A lemure (D:9)
  3 phantoms
  5 kobold brigands
  11 bullfrogs
  2 gnoll sergeants
  3 scorpions
  A wyvern skeleton (D:7)
  3 killer bees (D:9)
  4 wights (D:10)
  5 electric eels (D:8)
  3 howler monkeys
  A spectral centaur (D:7)
  2 centaur zombies
  A jelly (D:7)
  5 hounds
  14 orc priests
  2 centaur skeletons
  Natasha (thrice) (D:3)
  An iguana (D:6)
  23 orc wizards
  2 howler monkey zombies (D:7)
  11 gnolls
  6 adders
  A white imp (D:6)
  A howler monkey simulacrum (D:7)
  An ufetubus (D:6)
  4 worms
  4 dart slugs
  74 orcs
  7 bats (D:1)
  10 endoplasms
  4 giant cockroaches
  10 goblins
  A hobgoblin (D:2)
  4 jackals (D:1)
  5 quokkas
  5 ball pythons
  A frilled lizard (D:3)
  41 kobolds
  8 rats
  2 butterflies (Lair:4)
612 creatures vanquished.

Vanquished Creatures (others)
  An orc (D:8)
  26 fungi
  51 plants
  14 withered plants (Gauntlet)
92 creatures vanquished.

Grand Total: 704 creatures vanquished

Notes
Turn   | Place    | Note
-------+----------+-------------------------------------------
     0 | D:1      | Zenkrye the Ogre Transmuter began the quest for the Orb.
     0 | D:1      | Reached XP level 1. HP: 19/19 MP: 3/3
   231 | D:1      | Reached skill level 2 in Fighting
   246 | D:1      | Reached XP level 2. HP: 26/28 MP: 5/5
   689 | D:1      | Found a faded altar of an unknown god.
   805 | D:1      | Reached XP level 3. HP: 36/36 MP: 4/6
   809 | D:1      | Learned a level 3 spell: Spider Form
  1908 | D:2      | Reached skill level 1 in Poison Magic
  1908 | D:2      | Reached XP level 4. HP: 40/44 MP: 4/8
  2469 | D:3      | Noticed Natasha
  2484 | D:3      | Killed Natasha
  2488 | D:3      | Noticed Natasha
  2497 | D:3      | Killed Natasha
  2498 | D:3      | Reached XP level 5. HP: 4/52 MP: 4/9
  2701 | D:3      | Learned a level 4 spell: Ice Form
  2704 | D:3      | Learned a level 2 spell: Wereblood
  2841 | D:3      | Noticed Natasha
  2926 | D:3      | Killed Natasha
  3213 | D:3      | Found a hide-covered altar of Uskayaw.
  3214 | D:3      | Noticed Sigmund
  3226 | D:3      | Killed Sigmund
  3227 | D:3      | Reached skill level 3 in Fighting
  3227 | D:3      | Reached skill level 1 in Ice Magic
  3227 | D:3      | Reached XP level 6. HP: 54/61 MP: 4/10
  3429 | D:3      | Found an iron altar of Okawaru.
  3429 | D:3      | Found a stormy altar of Qazlal.
  3436 | D:3      | Became a worshipper of Warmaster Okawaru
  3539 | D:3      | Found a broken altar of Ashenzari.
  3553 | D:3      | Reached XP level 7. HP: 43/68 MP: 8/11
  3761 | D:3      | Identified a scroll of acquirement
  3761 | D:3      | Acquired the amulet of Riqu {RegenMP Int+6}
  3877 | D:4      | Reached skill level 4 in Fighting
  4494 | D:5      | Entered Level 5 of the Dungeon
  4569 | D:5      | Reached * piety under Okawaru
  4610 | D:5      | Reached XP level 8. HP: 79/79 MP: 12/12
  4751 | D:5      | Found a staircase to the Ecumenical Temple.
  4981 | D:5      | Reached skill level 5 in Fighting
  4981 | D:5      | Reached skill level 5 in Transmutations
  5555 | D:6      | Noticed Maggie
  5572 | D:6      | Killed Maggie
  5572 | D:6      | Reached ** piety under Okawaru
  5573 | D:6      | Reached skill level 5 in Unarmed Combat
  6259 | D:6      | Reached XP level 9. HP: 89/89 MP: 10/13
  6289 | D:6      | Reached skill level 6 in Fighting
  7002 | D:7      | Reached *** piety under Okawaru
  7003 | D:7      | Reached skill level 1 in Invocations
  7784 | D:7      | Found a shimmering altar of Xom.
  7784 | D:7      | Found a shimmering altar of Xom.
  7785 | D:7      | Found a shimmering altar of Xom.
  7792 | D:7      | Noticed Harold
  7817 | D:7      | Killed Harold
  7817 | D:7      | Reached **** piety under Okawaru
  7818 | D:7      | Reached skill level 7 in Fighting
  7818 | D:7      | Reached skill level 5 in Dodging
  7818 | D:7      | Reached XP level 10. HP: 79/102 MP: 14/14
  7895 | D:7      | Noticed a fire crab
  8038 | D:7      | Noticed Menkaure
  8043 | D:7      | Killed Menkaure
  8334 | D:7      | Found a runed translucent gate.
  8334 | D:7      | Found a runed translucent gate.
  8334 | D:7      | Found a runed translucent gate.
  8335 | D:7      | Noticed willcat's ghost (amateur HuDe)
  8352 | D:7      | Noticed a lindwurm
  8352 | D:7      | Noticed a moth of wrath
  8352 | D:7      | a lindwurm changed into a moth of wrath
  8381 | D:7      | Noticed a salamander
  8381 | D:7      | a moth of wrath changed into a salamander
  8442 | D:7      | Killed willcat's ghost
  8540 | D:8      | Found Ded Xejudgh's Assorted Antiques.
  8587 | D:8      | Noticed Grum
  8604 | D:8      | Noticed Joseph
  8652 | D:8      | Killed Grum
  8653 | D:8      | Reached skill level 8 in Fighting
  9434 | D:7      | Noticed an elephant
  9437 | D:7      | Noticed a manticore
  9437 | D:7      | an elephant changed into a manticore
  9562 | D:8      | Found a staircase to the Lair.
  9671 | D:8      | Killed Joseph
  9672 | D:8      | Reached skill level 1 in Evocations
  9685 | D:8      | Reached ***** piety under Okawaru
  9701 | D:8      | Reached XP level 11. HP: 81/113 MP: 15/15
  9910 | D:8      | Reached skill level 5 in Invocations
 10165 | D:8      | Bought a brightly glowing robe for 96 gold pieces
 10165 | D:8      | Identified the +2 robe "Xiaxkep" {Int+3 Slay+3} (You bought
                  | it in a shop on level 8 of the Dungeon)
 10182 | D:9      | Noticed Pikel
 10190 | D:9      | Killed Pikel
 10204 | D:9      | Noticed Gastronok
 10213 | D:9      | Reached skill level 9 in Fighting
 10223 | D:9      | Killed Gastronok
 10274 | D:9      | Noticed Prince Ribbit
 10282 | D:9      | Killed Prince Ribbit
 10282 | D:9      | Received a gift from Okawaru
 10948 | D:9      | Found a burning altar of Makhleb.
 11221 | D:9      | Found a staircase to the Orcish Mines.
 11354 | D:9      | Learned a level 1 spell: Apportation
 11380 | Lair:1   | Entered Level 1 of the Lair of Beasts
 11468 | Lair:1   | Noticed a seven-headed hydra
 11476 | Lair:1   | Killed a seven-headed hydra
 11682 | Lair:1   | Reached skill level 10 in Fighting
 12101 | Lair:1   | Reached XP level 12. HP: 126/126 MP: 12/16
 12767 | Lair:2   | Found a hole to the Spider Nest.
 12791 | Lair:2   | Reached skill level 10 in Unarmed Combat
 12831 | Lair:2   | Found a gate leading to a gauntlet.
 12841 | Gauntlet | Entered a Gauntlet
 12841 | Gauntlet | Found a transporter.
 12841 | Gauntlet | Found a transporter.
 12846 | Gauntlet | Found a transporter.
 12858 | Gauntlet | Found a transporter.
 12872 | Gauntlet | Found a transporter.
 12878 | Gauntlet | Found a transporter.
 12878 | Gauntlet | Found a transporter.
 12879 | Gauntlet | Noticed a catoblepas
 12881 | Gauntlet | Found a transporter.
 12912 | Gauntlet | Found a transporter.
 12919 | Gauntlet | Found a transporter.
 12928 | Gauntlet | Found a transporter.
 12934 | Gauntlet | Noticed a catoblepas
 12957 | Gauntlet | Found a transporter.
 12972 | Gauntlet | Found a transporter.
 12994 | Gauntlet | Found a transporter.
 12994 | Gauntlet | Noticed a ghost crab
 13090 | Gauntlet | Found a transporter.
 13106 | Gauntlet | Found a transporter.
 13918 | Lair:2   | Acquired the +4 quick blade "Bulezuw" {chaos, Int+5 Dex+2}
 14183 | Lair:3   | Noticed a four-headed hydra
 14192 | Lair:3   | Killed a four-headed hydra
 14192 | Lair:3   | Identified the +0 robe "Esocraca" {Str+6 Slay-3} (Okawaru
                  | gifted it to you on level 3 of the Lair of Beasts)
 14192 | Lair:3   | Received a gift from Okawaru
 14226 | Lair:3   | Noticed a catoblepas
 14334 | Lair:3   | Identified the +6 falchion "Cyfuleuk" {vorpal, Dex+2}
 14436 | Lair:3   | Reached skill level 11 in Fighting
 14671 | Lair:3   | Killed a catoblepas
 14671 | Lair:3   | Reached ****** piety under Okawaru
 15172 | Lair:3   | Reached XP level 13. HP: 139/139 MP: 16/18
 15557 | Lair:4   | Noticed Nergalle
 15560 | Lair:4   | Found a frozen archway.
 15565 | Lair:4   | Killed Nergalle
 15566 | Lair:4   | Reached skill level 12 in Fighting
 15572 | Lair:4   | Found a staircase to the Shoals.
 15574 | IceCv    | Entered an ice cave
 15643 | IceCv    | Identified the +2 kite shield of Ahilav {Str+6} (Okawaru
                  | gifted it to you in an ice cave)
 15643 | IceCv    | Received a gift from Okawaru
 15923 | IceCv    | Identified the +6 mace of Starshine {vorpal, Fragile rF+
                  | Dex+10}
 16435 | IceCv    | Reached skill level 13 in Fighting
 16461 | IceCv    | Noticed a frost giant
 16485 | IceCv    | Killed a frost giant
 16730 | IceCv    | Identified the +8 short sword "Zenkrye's Foe" {spect, rN++}
 16958 | Lair:4   | Received a gift from Okawaru
 18174 | Lair:5   | Found a staircase to the Slime Pits.
 18284 | Lair:5   | Reached XP level 14. HP: 154/154 MP: 18/20
 18301 | Lair:5   | Reached skill level 14 in Fighting
 18301 | Lair:5   | Reached skill level 10 in Dodging
 18536 | Lair:5   | Received a gift from Okawaru
 19417 | Orc:1    | Entered Level 1 of the Orcish Mines
 19700 | Orc:1    | Paralysed by an orc sorcerer for 6 turns
 21158 | Orc:1    | Found a radiant altar of Vehumet.
 21343 | Orc:2    | Entered Level 2 of the Orcish Mines
 21937 | Orc:2    | Reached skill level 15 in Fighting
 22003 | Orc:2    | Noticed Nessos
 22004 | Orc:2    | Noticed Nessos
 22004 | Orc:2    | Nessos changed into Nessos the polar bear
 22018 | Orc:2    | Killed Nessos the polar bear
 22332 | Orc:2    | Reached skill level 10 in Invocations
 22433 | Orc:2    | Received a gift from Okawaru
 22439 | Orc:2    | Found Tepredideb's Magic Scroll Emporium.
 22439 | Orc:2    | Found Atho Wea's Weapon Boutique.
 22440 | Orc:2    | Found Eskiurph's Distillery.
 22440 | Orc:2    | Found Zafukk's Book Shoppe.
 22722 | Orc:2    | Found a staircase to the Elven Halls.
 23024 | D:10     | Entered Level 10 of the Dungeon
 23194 | D:10     | Learned a level 6 spell: Statue Form
 23286 | D:10     | Reached XP level 15. HP: 167/167 MP: 15/22
 23779 | D:11     | Noticed Fannar
 24345 | D:11     | Noticed Snorg
 24360 | D:11     | Killed Snorg
 24383 | D:11     | Reached skill level 1 in Earth Magic
 24593 | D:11     | Killed Fannar
 24912 | D:12     | Received a gift from Okawaru
 25052 | D:12     | You fall into a shaft and drop 1 floor!
 25985 | D:13     | Identified the +1 robe of the Hurricane {Rampage *Corrode
                  | rPois rC++}
 26017 | D:13     | Reached skill level 16 in Fighting
 27006 | D:14     | Found a transporter.
 27029 | D:14     | Noticed Neaprir's ghost (journeyman MiBe)
 27029 | D:14     | Identified the +7 great mace of Ru's Delight {freeze, rN+
                  | Stlth+}
 27029 | D:14     | Noticed a frost giant
 27030 | D:14     | Found a transporter.
 27466 | D:14     | Noticed Jorgrun
 27479 | D:14     | HP: 1/170 [constriction (12)]
 27482 | D:14     | Killed from afar by Jorgrun

Illustrated notes

Levels and vault maps discovered:
D:1:      scummos_arrival_gate, layout_loops_ring,
          shapermc_ecumenical_altar_acropolis
D:2:      layout_rooms, minmay_tetromino_o4
D:3:      layout_rooms, nicolae_uskayaw_murder_on_the_dancefloor,
          evilmike_ruin_ashenzari, amethyst_overflow_temple_binary,
          uniq_sigmund, uniq_natasha
D:4:      layout_loops_ring
D:5:      layout_basic, minmay_temple_entry_poolview
D:6:      layout_basic, uniq_maggie
D:7:      layout_basic, xom_shifter_show, gammafunk_ghost_necromancy,
          kennysheep_small_circle, uniq_menkaure, uniq_harold
D:8:      kennysheep_kobold_camp, layout_rooms, erik_lair_island, serial_shops,
          nicolae_square_shop, uniq_grum, uniq_joseph
D:9:      layout_basic, mainiacjoe_overflow_alcove_4,
          minmay_orc_entry_temple_small, uniq_prince_ribbit1, uniq_gastronok,
          uniq_pikel
D:10:     layout_cave_pools, chequers_arboretum
D:11:     layout_cross, uniq_fannar, uniq_snorg
D:12:     layout_small_grid, enter_trove_5, enter_bailey_5
D:13:     layout_basic
D:14:     layout_roguey, hangedman_vaults_entry_quadrant_bands,
          gammafunk_ghost_smash, uniq_jorgrun
Lair:1:   layout_chaotic_city, nicolae_quartered_pool_super, st_stairs_5,
          grunt_megastairs_5
Lair:2:   layout_regular_city, dummy_spider_entry, enter_volcano_2,
          gauntlet_entry_generic, serial_bayou_pond_c, minivault_24
Lair:3:   layout_loops_ring, beast_lair_carwin_2
Lair:4:   layout_big_grid, shoals_dummy_entry, portal_ice_cave_entry_pillars_1,
          lemuel_fruit_fields, serial_bayou_shore_a, uniq_nergalle
Lair:5:   layout_loops_ring, slime_dummy
Orc:1:    layout_diamond_mine, basic_altar, guppyfry_library_mini
Orc:2:    st_orc_ogre_mass, layout_caves, basic_altar, uniq_nessos

Skill      XL: |  1  2  3  4  5  6  7  8  9 10 11 12 13 14 15 |
---------------+----------------------------------------------+-----
Fighting       | 2 3 4 5 7 8 10 11 13 15 16 | 16.1
Unarmed Combat | 3 4 5 7 8 9 11 12 13 | 13.7
Transmutations | 2 4 5 6 7 8 |  8.6
Poison Magic   | 1 2 |  2.0
Spellcasting   | 3 |  3.0
Dodging        | 2 3 4 5 6 8 9 11 | 11.5
Ice Magic      | 1 2 3 4 |  4.0
Invocations    | 3 4 5 7 8 10 11 | 11.0
Evocations     | 1 3 |  3.0
Earth Magic    | 3 |  3.0

Action                   |  1- 3 |  4- 6 |  7- 9 | 10-12 | 13-15 || total
-------------------------+-------+-------+-------+-------+-------++-------
Melee: Unarmed           |   116 |   122 |   203 |   535 |   867 ||  1843
       Headbutt          |     8 |       |       |       |       ||     8
       Kick              |    11 |       |       |       |       ||    11
       Punch             |     1 |       |       |       |     2 ||     3
       Quick blade       |       |       |       |     4 |    15 ||    19
Throw: Dart              |       |       |    18 |    43 |    39 ||   100
 Cast: Beastly Appendage |    20 |       |       |       |       ||    20
       Spider Form       |     7 |    17 |    14 |    24 |    48 ||   110
       Wereblood         |       |     1 |     6 |    26 |    46 ||    79
       Ice Form          |       |       |    11 |    20 |    33 ||    64
Invok: Heroism           |       |       |     1 |    12 |    28 ||    41
       Finesse           |       |       |       |       |     1 ||     1
 Abil: End Transformatio |       |       |     2 |     1 |     1 ||     4
Evoke: Wand              |       |       |     1 |    19 |     3 ||    23
       Lightning rod     |       |       |       |       |     4 ||     4
  Use: Scroll            |     3 |     2 |    12 |    12 |     5 ||    34
       Potion            |       |       |       |     2 |     2 ||     4
 Stab: Sleeping          |       |     1 |       |       |       ||     1
Armor: Robe              |    28 |     8 |     7 |     4 |     8 ||    55
       Skin              |       |     6 |    36 |    63 |   136 ||   241
Dodge: Dodged            |    70 |    72 |   134 |   466 |   891 ||  1633

Table legend: (Time is in decaauts)
 A = Elapsed time spent in this place.
 B = Non-inter-level travel time spent in this place.
 C = Inter-level travel time spent in this place.
 D = Time resting spent in this place.
 E = Time spent auto-exploring this place.
 F = Levels seen in this place.
 G = Mean time per level.
                   A        B        C        D        E       F      G
               +--------+--------+--------+--------+--------+-----+--------+
         Total |  27140 |  26286 |    854 |   3145 |  18467 |  23 | 1180.0 |
       Dungeon |  16388 |  15861 |    527 |   2597 |  10704 |  14 | 1170.6 |
          Lair |   6239 |   6022 |    217 |    498 |   4717 |   5 | 1247.8 |
  Orcish Mines |   2857 |   2748 |    109 |     50 |   1943 |   2 | 1428.5 |
      Ice Cave |   1151 |   1151 |      0 |      0 |    856 |   1 | 1151.0 |
      Gauntlet |    504 |    504 |      0 |      0 |    246 |   1 |  504.0 |
               +--------+--------+--------+--------+--------+-----+--------+

Top non-repeatable levels by time:
     D:9: 1829 daAuts
     D:7: 1772 daAuts
  Lair:4: 1551 daAuts
    D:13: 1549 daAuts
     D:6: 1534 daAuts
   Orc:2: 1505 daAuts
     D:3: 1463 daAuts
     D:1: 1375 daAuts
   Orc:1: 1352 daAuts
  Lair:3: 1347 daAuts
     D:5: 1302 daAuts
  Lair:1: 1229 daAuts
   IceCv: 1151 daAuts
     D:8: 1076 daAuts
  Lair:5: 1061 daAuts
